 Dungeon Crawl Stone Soup version 0.29.1-15-g9cfb28693d (webtiles) character file.

Game seed: 634258540721836043

1186 protoss039 the Trooper (level 8, -1/51 HPs)
             Began as a Gargoyle Abyssal Knight on Feb 28, 2023.
             Was an Elder of Lugonu.
             Splashed by a jelly's acid (8 damage)
             ... on level 6 of the Dungeon.
             The game lasted 00:07:48 (7012 turns).

protoss039 the Trooper (Gargoyle Abyssal Knight)    Turns: 7012, Time: 00:07:49

Health: -1/51      AC:  3    Str: 20    XL:     8   Next: 42%
Magic:  12/12      EV:  8    Int: 10    God:    Lugonu [****..]
Gold:   338        SH:  0    Dex: 10    Spells: 7/7 levels left

rFire   . . .      SeeInvis .   w - +1 short sword (venom)
rCold   . . .      Faith    .   (no shield)
rNeg    + . .      Spirit   .   k - +0 chain mail
rPois   ∞          Reflect  .   (no helmet)
rElec   +          Harm     .   (no cloak)
rCorr   .          Rampage  .   (no gloves)
Will    .....                   (no boots)
Stlth   ..........              g - amulet of magic regeneration
HPRegen 0.17/turn               (no ring)
MPRegen 0.53/turn               (no ring)

@: corroded
A: sickness immunity, AC +5, negative energy resistance 1, electricity
resistance, torment resistance 1, petrification resistance
a: Renounce Religion, Depart the Abyss, Bend Space, Banish, Corrupt


You were on level 6 of the Dungeon.
You worshipped Lugonu.
Lugonu was greatly pleased with you.
You visited 1 branch of the dungeon, and saw 6 of its levels.
You visited the Abyss 1 time.

You collected 338 gold pieces.

Inventory:

Hand Weapons
 a - a +1 hand axe
 w - a +1 short sword of venom (weapon)
Armour
 k - a +0 chain mail (worn)
Magical Staves
 r - a staff of cold
Jewellery
 g - an amulet of magic regeneration (around neck)
 y - a ring of see invisible
Wands
 u - a wand of flame (20)
 v - a wand of charming (10)
Scrolls
 b - a scroll of enchant armour
 e - a scroll of enchant weapon {unknown}
 f - a scroll of immolation {unknown}
 h - 3 scrolls of identify
 i - 5 scrolls of noise {unknown}
 j - a scroll of summoning
 l - 4 scrolls of magic mapping
 m - 3 scrolls of vulnerability {unknown}
 o - a scroll of brand weapon {unknown}
 s - a scroll of fear {unknown}
 x - 2 scrolls of amnesia {unknown}
Potions
 c - a potion of attraction
 d - a potion of heal wounds {unknown}
 n - a potion of brilliance {unknown}
 p - a potion of cancellation {unknown}
 q - a potion of mutation {unknown}
 t - 2 potions of flight {unknown}


   Skills:
 + Level 6.2 Fighting
 + Level 4.7 Axes
 + Level 5.7 Armour
 - Level 0.7 Dodging
 + Level 5.7 Invocations


You had 7 spell levels left.
You didn't know any spells.
Your spell library contained the following spells:

 Spells                   Type           Power      Damage    Failure   Level
 Sandblast                Erth           0%         2d4       98%         1
 Passwall                 Tmut/Erth      0%         N/A       99%         2
 Gell's Gravitas          Tloc           0%         N/A       100%        3
 Inner Flame              Hex/Fire       0%         N/A       100%        3
 Ozocubu's Armour         Ice            0%         N/A       100%        3
 Stone Arrow              Conj/Erth      0%         3d7       100%        3
 Teleport Other           Tloc           0%         N/A       100%        3
 Cause Fear               Hex            0%         N/A       100%        4
 Conjure Ball Lightning   Conj/Air       0%         3x3d6     100%        6
 Dispersal                Tloc           0%         N/A       100%        6
 Ozocubu's Refrigeration  Ice            0%         4d7       100%        7
 Discord                  Hex            0%         N/A       100%        8
 Disjunction              Tloc           0%         N/A       100%        8


Dungeon Overview and Level Annotations

Branches:
Dungeon (6/15) Zot: 26114  Temple (0/1) D:6

Altars:

Shops:
D:5 =

Portals:
Abyss: D:3

Annotations:
D:2 Sigmund
D:3 2 transporters, enotiy's ghost, amateur GrFi


Innate Abilities, Weirdness & Mutations

You are immune to sickness and miasma.
Your stone body is resilient. (AC +5)
You are immune to poison.
You resist negative energy. (rN+)
You are resistant to electric shocks. (rElec)
You are resistant to unholy torment.
You are immune to petrification.


Message History

Unknown command.
You hit the jelly. The acid corrodes you!
Your hands burn!
The jelly is severely wounded.
The jelly hits you but does no damage.
Unknown command.
You hit the jelly but do no damage.
Your hands burn!
The jelly is severely wounded.
The jelly hits you but does no damage.
Unknown command.
You are too injured to fight recklessly!
Unknown command.
You are too injured to fight recklessly!
Unknown command.
You don't know any spells.
You hit the jelly but do no damage. The acid corrodes you!
Your hands burn!
The jelly is severely wounded.
The jelly hits you but does no damage.
Unknown command.
You hit the jelly but do no damage.
Your hands burn!
The jelly is severely wounded.
The jelly hits you but does no damage.
Unknown command.
You barely miss the jelly.
The jelly is severely wounded.
The jelly hits you.
You are splashed with acid.
* * * LOW HITPOINT WARNING * * *
Unknown command.
You barely miss the jelly.
The jelly is severely wounded.
The jelly hits you but does no damage.
Unknown command.
The jelly attacks as you move away! The jelly barely misses you.
Unknown command.
You hit the jelly but do no damage. The acid corrodes you!
Your hands burn!
* * * LOW HITPOINT WARNING * * *
The jelly is severely wounded.
The jelly hits you.
* * * LOW HITPOINT WARNING * * *
You are splashed with acid!
You die...

#.# #.# #. ###.#### #.#
.......#######.#
..............>#
.......#######.# #
.......#######.######.#
......................#
.......######...@J....#
.##...## #..########
.##...## #..# .##....#
##..# #....#####...#
#............#
###..#.#####...#
.....#.#####...#
.....[.#......##


You could see a jelly.

Vanquished Creatures
  An ice beast (D:5)
  A sky beast (D:6)
  A phantom (D:4)
  2 bullfrogs
  3 scorpions (D:5)
  A necrophage (D:4)
  A howler monkey (D:6)
  2 jellies
  2 hounds (D:5)
  2 iguanas (D:5)
  3 orc wizards
  9 adders
  A worm (D:4)
  2 dart slugs
  16 orcs
  6 ball pythons
  4 endoplasms
  4 giant cockroaches
  4 hobgoblins
  4 jackals
  5 quokkas
  8 bats
  5 frilled lizards
  6 goblins
  6 kobolds
  6 rats
105 creatures vanquished.

Vanquished Creatures (collateral kills)
  An ice beast (D:5)
1 creature vanquished.

Grand Total: 106 creatures vanquished

Notes
Turn   | Place    | Note
-------+----------+-------------------------------------------
     0 | Abyss:1  | protoss039 the Gargoyle Abyssal Knight began the quest for
                  | the Orb.
     0 | Abyss:1  | Reached XP level 1. HP: 14/14 MP: 2/2
     1 | D:1      | Escaped the Abyss
   193 | D:1      | Reached XP level 2. HP: 17/19 MP: 3/3
   981 | D:1      | Found a faded altar of an unknown god.
   987 | D:1      | Reached XP level 3. HP: 23/23 MP: 4/4
  1363 | D:1      | Reached *** piety under Lugonu
  2180 | D:2      | Reached XP level 4. HP: 29/29 MP: 6/6
  2247 | D:2      | Noticed Sigmund
  2400 | D:3      | Reached skill level 4 in Fighting
  2616 | D:3      | Reached **** piety under Lugonu
  2689 | D:3      | Noticed a small abomination
  2726 | D:3      | Found a one-way gate to the infinite horrors of the Abyss.
  2726 | D:3      | Noticed a small abomination
  2727 | D:3      | Noticed enotiy's ghost (amateur GrFi)
  2743 | D:3      | Found a transporter.
  2763 | D:3      | Found a transporter.
  2873 | D:3      | Reached XP level 5. HP: 24/33 MP: 7/7
  3590 | D:4      | Noticed a phantom
  3615 | D:4      | Killed a phantom
  3616 | D:4      | Reached XP level 6. HP: 34/39 MP: 8/8
  4178 | D:5      | Entered Level 5 of the Dungeon
  4214 | D:5      | Reached skill level 5 in Fighting
  4264 | D:5      | Reached XP level 7. HP: 39/44 MP: 10/10
  4947 | D:5      | HP: 1/44 [ice beast (5)]
  5306 | D:5      | Reached skill level 5 in Armour
  5306 | D:5      | Reached skill level 5 in Invocations
  5355 | D:5      | Found Zouv's Jewellery Shop.
  5411 | D:5      | Reached XP level 8. HP: 10/51 MP: 11/11
  6182 | D:5      | Reached skill level 6 in Fighting
  6934 | D:6      | Found a staircase to the Ecumenical Temple.
  7012 | D:6      | Splashed by a jelly's acid

Illustrated notes

Levels and vault maps discovered:
D:1:      matt_arrival_spirals, layout_basic,
          shapermc_ecumenical_altar_mp_highgroup
D:2:      minmay_inner_zag, layout_basic, patterned_corridor, uniq_sigmund
D:3:      layout_rooms, gammafunk_ghost_abyssal_escape
D:4:      layout_cave_pools
D:5:      layout_loops_ring, serial_shops, shop
D:6:      layout_basic, minmay_temple_entry_antechambers

Skill      XL: |  1  2  3  4  5  6  7  8 |
---------------+-------------------------+-----
Axes           | 2 3 4 |  4.7
Armour         | 3 4 5 |  5.7
Invocations    | 3 4 5 |  5.7
Fighting       | 4 5 6 |  6.2
Dodging        | |  0.7

Action                   |  1- 3 |  4- 6 |  7- 9 || total
-------------------------+-------+-------+-------++-------
Melee: Hand axe          |   118 |   183 |   141 ||   442
       Punch             |       |     1 |     3 ||     4
       Short sword       |       |       |    31 ||    31
  Use: Potion            |       |     7 |       ||     7
       Scroll            |       |     7 |     2 ||     9
Armor: Leather armour    |     3 |       |       ||     3
       Ring mail         |    43 |       |       ||    43
       Chain mail        |    33 |   157 |   136 ||   326
       Skin              |       |    23 |       ||    23
Dodge: Dodged            |    67 |    68 |    64 ||   199
